 Dungeon Crawl Stone Soup version 0.29-a0-551-gffc1d7fb78 (webtiles) character file.

Game seed: 14545461139106823605

2 runemasterragnar the Conjurer (level 1, -2/14 HPs)
             Began as a Draconian Conjurer on June 5, 2022.
             Slain by a kobold
             ... wielding a +0 short sword
              (4 damage)
             ... on level 2 of the Dungeon.
             The game lasted 00:01:13 (168 turns).

runemasterragnar the Conjurer (Draconian Conjurer)   Turns: 168, Time: 00:01:13

Health: -2/14      AC:  4    Str:  9    XL:     1   Next: 33%
Magic:  3/3        EV: 12    Int: 18    God:
Gold:   22         SH:  0    Dex:  9    Spells: 3/4 levels left

rFire   . . .      SeeInvis .   (no weapon)
rCold   . . .      Faith    .   (no shield)
rNeg    . . .      Spirit   .   (body armour unavailable)
rPois   .          Reflect  .   (helmet restricted)
rElec   .          Harm     .   (no cloak)
rCorr   .          Rampage  .   (no gloves)
Will    .....                   (no boots)
Stlth   ++........              (no amulet)
HPRegen 0.04/turn               (no ring)
MPRegen 0.08/turn               (no ring)

@: no status effects
A: AC +4, unfitting armour, cold-blooded
a: no special abilities


You were on level 2 of the Dungeon.
You visited 1 branch of the dungeon, and saw 2 of its levels.

You collected 22 gold pieces.

Inventory:

Hand Weapons
 c - a +0 whip
Scrolls
 b - a scroll of immolation {unknown}
Potions
 a - a potion of magic


   Skills:
 + Level 0.1 Fighting
 + Level 1.8 Dodging
 + Level 1.8 Stealth
 + Level 2.0 Spellcasting
 * Level 4.0 Conjurations


You had 3 spell levels left.
You knew the following spells:

 Your Spells              Type           Power      Damage    Failure   Level
a - Magic Dart            Conj           64%        1d6       3%          1

Your spell library contained the following spells:

 Spells                   Type           Power      Damage    Failure   Level
 Searing Ray              Conj           32%        2d5       5%          2
 Dazzling Flash           Conj/Hex       18%        N/A       24%         3
 Fulminant Prism          Conj/Hex       4%         3d6       61%         4
 Iskenderun's Mystic Bla  Conj/Tloc      9%         2d4       61%         4


Dungeon Overview and Level Annotations

Branches:
Dungeon (2/15)

Altars:


Innate Abilities, Weirdness & Mutations

Your plain brown scales are hard. (AC +4)
You cannot fit into any form of body armour.
You are cold-blooded and may be slowed by cold attacks.


Message History

Found a ring mail.
The bat hits you but does no damage. x2
The bat attacks as you move away! The bat closely misses you.
The bat hits you but does no damage.
A kobold comes into view. It is wielding a +0 short sword.
The bat hits you but does no damage. x2
The bat misses you. The bat hits you but does no damage. The goblin misses you.
The bat attacks as you move away! The bat hits you.
Found a stone staircase leading down.
The bat closely misses you.
The kobold throws a stone.
The stone misses you. The goblin attacks as you move away!
The goblin barely misses you. The bat attacks as you move away!
The bat misses you.
A frilled lizard comes into view.
The bat barely misses you. The bat barely misses you.
The bat hits you but does no damage. The bat hits you but does no damage.
The kobold throws a stone.
The stone barely misses you.
You see here a +0 ring mail.
The goblin attacks as you move away! The goblin barely misses you.
The rat twitches its whiskers.
The kobold attacks as you move away!
The kobold hits you with a +0 short sword.
* * * LOW HITPOINT WARNING * * *
Found a fuming yellow potion.
The bat barely misses you.
The frilled lizard hisses angrily.
The bat hits you.
* * * LOW HITPOINT WARNING * * *
There is a stone staircase leading down here.
The bat barely misses you. The goblin hits you with a +0 club.
* * * LOW HITPOINT WARNING * * *
The kobold completely misses you.
You climb downwards.
Found a leather armour, 15 gold pieces and a metallic ruby potion.
There is a stone staircase leading up here.
Unknown command.
Okay, then.
The kobold attacks as you move away!
The kobold hits you with a +0 short sword.
You die...

######
##.....##
#.....J.##
........[#
.........#
......g..#
......K@.#
w........#
#.......##
.........
.........
.......$.#
....!B...#
.........#


You could see a worm (asleep), an endoplasm (asleep), a giant cockroach, a
goblin and a kobold.

Vanquished Creatures
  A giant cockroach (D:1)
  A kobold (D:1)
  A rat (D:1)
3 creatures vanquished.

Notes
Turn   | Place    | Note
-------+----------+-------------------------------------------
     0 | D:1      | runemasterragnar the Draconian Conjurer began the quest for
                  | the Orb.
     0 | D:1      | Reached XP level 1. HP: 14/14 MP: 3/3
   168 | D:2      | Slain by a kobold

Illustrated notes

Levels and vault maps discovered:
D:1:      minmay_arrival_four_loops, layout_basic
D:2:      layout_rooms, dreamdust_ecumenical_altar_grove, serial_shops, shop,
          nicolae_shop_trees, nicolae_shop_crystal, shop,
          hangedman_decor_lopped, uniq_sigmund

Action                   || total
-------------------------++-------
Melee: Unarmed           ||     1
 Cast: Magic Dart        ||     6
Armor: Skin              ||    30
Dodge: Dodged            ||    66

Table legend: (Time is in decaauts)
 A = Elapsed time spent in this place.
 B = Non-inter-level travel time spent in this place.
 C = Inter-level travel time spent in this place.
 D = Time resting spent in this place.
 E = Time spent auto-exploring this place.
 F = Levels seen in this place.
 G = Mean time per level.
                   A        B        C        D        E       F      G
               +--------+--------+--------+--------+--------+-----+--------+
         Total |    167 |    167 |      0 |      0 |     81 |   2 |   83.5 |
       Dungeon |    167 |    167 |      0 |      0 |     81 |   2 |   83.5 |
               +--------+--------+--------+--------+--------+-----+--------+

Top non-repeatable levels by time:
     D:1: 167 daAuts
     D:2: 0 daAuts
